 Dungeon Crawl Stone Soup version 0.29.1-1-gd02db6906a (webtiles) character file.

Game seed: 12174839024758866803

67 LustLizard the Slasher (level 3, 0/27 (28) HPs)
             Began as a Demonspawn Gladiator on Oct 3, 2022.
             Slain by a goblin
             ... wielding a +0 club
             ... led by Robin
              (4 damage)
             ... on level 2 of the Dungeon.
             The game lasted 00:03:35 (1779 turns).

LustLizard the Slasher (Demonspawn Gladiator)       Turns: 1779, Time: 00:03:36

HP:   0/27 (28)     AC:  5    Str: 16    XL:     3   Next: 98%
MP:   3/3           EV: 11    Int:  9    God:
Gold: 61            SH:  0    Dex: 16    Spells: 2/2 levels left

rFire   . . .      SeeInvis .   a - +0 long sword
rCold   . . .      Faith    .   (no shield)
rNeg    . . .      Spirit   .   l - +0 ring mail
rPois   .          Reflect  .   (helmet restricted)
rElec   .          Harm     .   (no cloak)
rCorr   .          Rampage  .   (no gloves)
Will    .....                   (no boots)
Stlth   ++........              (no amulet)
HPRegen 0.09/turn               (no ring)
MPRegen 0.08/turn               (no ring)

@: lightly drained
A: horns 1, thin skeletal structure 1
a: no special abilities


You were on level 2 of the Dungeon.
You visited 1 branch of the dungeon, and saw 2 of its levels.

You collected 61 gold pieces.

Inventory:

Hand Weapons
 a - a +0 long sword (weapon)
Missiles
 d - 3 throwing nets (quivered)
 f - 13 stones
Armour
 b - a +0 leather armour
 c - a +0 helmet
 g - a +0 plate armour
 l - a +0 ring mail (worn)
Scrolls
 j - a scroll of fog {unknown}
 k - 2 scrolls of noise {unknown}
 m - a scroll of acquirement {unknown}
 n - 2 scrolls of identify {unknown}
Potions
 e - a potion of brilliance {unknown}
 h - 2 potions of heal wounds {unknown}
 i - a potion of flight {unknown}


   Skills:
 + Level 2.7 Fighting
 * Level 3.6 Long Blades
 + Level 2.4 Throwing
 - Level 2.6 Dodging


You had 2 spell levels left.
You didn't know any spells.
Your spell library was empty.

Dungeon Overview and Level Annotations

Branches:
Dungeon (2/15)

Altars:

Shops:
D:1 ?


Innate Abilities, Weirdness & Mutations

You have a pair of small horns on your head.
You have a somewhat thin skeletal structure. (Dex +2, Stealth+)


Message History

You slash the goblin!
You kill the goblin!
The goblin misses you. The hobgoblin hits you. The goblin closely misses you.
You closely miss the goblin. Your punch misses the goblin.
The goblin barely misses you. The goblin hits you but does no damage.
The hobgoblin hits you but does no damage.
You hit the goblin.
The goblin is heavily wounded.
The goblin hits you with a +0 dagger.
The hobgoblin hits you but does no damage.
You closely miss the goblin. You headbutt the goblin.
You kill the goblin!
The hobgoblin barely misses you. The goblin hits you but does no damage.
The goblin closely misses you.
You barely miss the hobgoblin. The hobgoblin hits you.
The goblin closely misses you. The goblin misses you.
The hobgoblin closely misses you. The goblin hits you but does no damage.
The goblin closely misses you.
You hit the hobgoblin.
The hobgoblin is moderately wounded.
The goblin hits you but does no damage. The hobgoblin hits you.
* * * LOW HITPOINT WARNING * * *
The goblin hits you but does no damage.
You barely miss the hobgoblin.
The hobgoblin is moderately wounded.
The goblin hits you but does no damage. The goblin misses you.
The hobgoblin closely misses you.
You closely miss the hobgoblin.
The hobgoblin is moderately wounded.
The hobgoblin hits you but does no damage.
The goblin hits you with a +0 club.
* * * LOW HITPOINT WARNING * * *
The goblin hits you with a +0 club.
* * * LOW HITPOINT WARNING * * *
You barely miss the hobgoblin.
The hobgoblin is moderately wounded.
The hobgoblin hits you.
* * * LOW HITPOINT WARNING * * *
The goblin hits you with a +0 club.
You die...

#..##.#...# #....# #.#
#..##.#...###..### #.#
#>.##.#..#...#.# ###.#
#..##.#..#####'## #...#
#..##.#..# ##...## #...#
##....>...###.....## ##...#
.......##.##.......## ##.#.#####
##w#...##.#.....g...####........#
##........'....g@)..'............
##.....##.#....g.)..#.##.....##.#
##.##.## .##.......##.###....##.#
##.##.###.###)....###.# #.##.##.#
..........# ##...## #.###.##.##.#
##.####### ##'## #...........#
#.# ####)## #####.####### #.#
##### #.....# #.#
#.###...###.##..########.#


You could see a hobgoblin and 2 goblins.

Vanquished Creatures
  Robin (D:2)
  An adder (D:2)
  A worm (D:2)
  A dart slug (D:1)
  A bat (D:2)
  5 endoplasms (D:1)
  2 giant cockroaches
  5 hobgoblins
  2 quokkas (D:1)
  A ball python (D:2)
  9 goblins
  6 kobolds
  A rat (D:1)
36 creatures vanquished.

Notes
Turn   | Place    | Note
-------+----------+-------------------------------------------
     0 | D:1      | LustLizard the Demonspawn Gladiator began the quest for the
                  | Orb.
     0 | D:1      | Reached XP level 1. HP: 16/16 MP: 1/1
   282 | D:1      | Found Ciqisusu's Magic Scroll Shoppe.
   303 | D:1      | Reached skill level 3 in Long Blades
   321 | D:1      | Gained mutation: You have a pair of small horns on your
                  | head. [demonic ancestry]
   321 | D:1      | Reached XP level 2. HP: 22/22 MP: 2/2
   428 | D:1      | Found a faded altar of an unknown god.
   969 | D:2      | Gained mutation: You have a somewhat thin skeletal
                  | structure. (Dex +2, Stealth+) [demonic ancestry]
   969 | D:2      | Reached XP level 3. HP: 26/28 MP: 3/3
  1761 | D:2      | Noticed Robin
  1770 | D:2      | Killed Robin
  1779 | D:2      | Slain by a goblin

Illustrated notes

Levels and vault maps discovered:
D:1:      dpeg_arrival_leaves_temple_mockup, layout_rooms, serial_shops, shop,
          ebering_ecumenical_altar_abandoned, minmay_stone_trees_small
D:2:      layout_loops_corners, uniq_robin

Skill      XL: |  1 |
---------------+----+-----
Long Blades    | 3 |  3.6
Throwing       | 2 |  2.4
Fighting       | |  2.7
Dodging        | |  2.6

Action                   || total
-------------------------++-------
Melee: Long sword        ||    96
       Headbutt          ||    14
       Punch             ||     2
Throw: Javelin           ||     1
 Stab: Sleeping          ||     3
Armor: Leather armour    ||    23
       Ring mail         ||    22
Dodge: Dodged            ||    59
